 Dungeon Crawl Stone Soup version 0.26-a0-487-gbff1e92059 (webtiles) character file.

Game seed: 10137208168898612885

13813 KristoblXynda the Nimble (level 11, -1/81 HPs)
             Began as a Vampire Berserker on Aug 1, 2020.
             Was a High Priest of Trog.
             Slain by a phantasmal warrior (29 damage)
             ... led by a death knight
             ... on level 12 of the Dungeon on Aug 2, 2020.
             The game lasted 00:18:52 (11480 turns).

KristoblXynda the Nimble (Vampire Berserker)       Turns: 11480, Time: 00:18:53

Health: -1/81      AC: 20    Str: 16    XL:     11   Next: 80%
Magic:  11/11      EV: 12    Int: 13    God:    Trog [*****.]
Gold:   578        SH:  0    Dex: 14    Spells: 10/10 levels left

rFire    + . .     SeeInvis +   q - +1 scimitar
rCold    . . .     Faith    .   (no shield)
rNeg     . . .     Spirit   .   O - +3 chain mail {rF+}
rPois    .         Reflect  .   m - +0 helmet
rElec    .         Harm     .   d - scarf {shadows}
rCorr    .                      K - +0 pair of gloves
MR       .....                  (no boots)
Stlth    ..........             J - amulet of regeneration
HPRegen  0.83/turn              F - +4 ring of protection
MPRegen  0.12/turn              C - +4 ring of slaying

@: vulnerable, berserk cooldown, regenerating quickly, slowed, studying
Crossbows, very slow
A: fangs 3, see invisible, unbreathing
a: Exsanguinate, Berserk, Trog's Hand, Brothers in Arms, Renounce Religion


You were on level 12 of the Dungeon.
You worshipped Trog.
Trog was extremely pleased with you.
You visited 2 branches of the dungeon, and saw 13 of its levels.
You also visited: Bailey.

You collected 757 gold pieces.
You spent 179 gold pieces at shops.

Inventory:

Hand Weapons
 q - a +1 scimitar (weapon)
 u - a +1 great sword of flaming
Armour
 d - a scarf of shadows (worn)
 l - a +0 buckler
 m - a +0 helmet (worn)
 s - the +13 crystal plate armour "Karozo" {rF+ rN+}
   (You found it in a bailey)

   It protects you from fire.
   It protects you from negative energy.
 x - the +0 helmet of the Jackalope {rN+ Str-4 Int+2 Dex+3}
   (You found it in a bailey)

   It affects your strength (-4).
   It affects your intelligence (+2).
   It affects your dexterity (+3).
   It protects you from negative energy.
 B - a +1 robe of the Archmagi
 K - a +0 pair of gloves (worn)
 O - a +3 chain mail of fire resistance (worn)
Jewellery
 k - an uncursed ring of protection from fire
 t - an uncursed ring of poison resistance
 C - a +4 ring of slaying (right hand)
 F - a +4 ring of protection (left hand)
 J - an amulet of regeneration (around neck)
 M - an uncursed ring of protection from magic
Wands
 h - a wand of clouds (3)
 j - a wand of disintegration (10)
 w - a wand of acid (13)
 I - a wand of iceblast (6)
Scrolls
 a - 4 scrolls of amnesia
 b - 11 scrolls of remove curse
 f - 2 scrolls of enchant armour
 o - a scroll of identify
Potions
 c - 5 potions of curing
 e - 2 potions of stabbing
 g - a potion of lignification
 i - 3 potions of haste
 n - 3 potions of invisibility
 r - 2 potions of mutation
 z - a potion of resistance
 A - 2 potions of magic
 D - a potion of might
 H - 3 potions of brilliance
 N - a potion of cancellation
Books
 v - a manual of Crossbows
Miscellaneous
 P - a tin of tremorstones (3/3)


   Skills:
 + Level 5.9 Fighting
 + Level 10.2 Long Blades
 + Level 8.3 Armour
 + Level 10.7 Dodging
 - Level 6.5 Stealth
 - Level 5.7 Evocations


You had 10 spell levels left.
You didn't know any spells.
Your spell library contained the following spells:

 Spells                   Type           Power        Failure   Level
 Animate Skeleton         Necr           #.....       98%         1
 Apportation              Tloc           #.....       98%         1
 Corona                   Hex            #......      98%         1
 Magic Dart               Conj           #...         98%         1
 Summon Small Mammal      Summ           #...         98%         1
 Passwall                 Tmut/Erth      #.......     99%         2
 Swiftness                Air            #.......     99%         2
 Confusing Touch          Hex            #.......     100%        3
 Gell's Gravitas          Tloc           #.........   100%        3
 Passage of Golubria      Tloc           N/A          100%        4
 Petrify                  Tmut/Erth      #.......     100%        4
 Lee's Rapid Deconstruct  Erth           #.........   100%        5
 Metabolic Englaciation   Hex/Ice        #.........   100%        5
 Yara's Violent Unravell  Hex/Tmut       #.........   100%        5
 Invisibility             Hex            #.......     100%        6


Dungeon Overview and Level Annotations

Branches:
Dungeon (12/15)            Temple (1/1) D:4            Lair (0/6) D:8
    Orc (0/2) D:9          Bailey (visited)

Altars:
Ashenzari
Cheibriados
Dithmenos
Elyvilon
Fedhas
Gozag
Hepliaklqana
Kikubaaqudgha
Makhleb
Nemelex Xobeh
Okawaru
Qazlal
Ru
Sif Muna
Trog
Uskayaw
Vehumet
Wu Jian
Xom
Yredelemnul
Zin
The Shining One

Shops:
D:4 *:(   D:8 [   D:11 }

Portals:
Trove: D:11 (give +2 gold dragon scales)


Innate Abilities, Weirdness & Mutations

Your natural rate of healing is unusually fast.
You have razor-sharp teeth.
You have supernaturally acute eyesight. (SInv)
You can survive without breathing.


Message History

Press: ? - help, Shift-Dir - straight line, f - phantasmal warrior
Aim: a phantasmal warrior (chance to defeat MR: 37%)
The phantasmal warrior is blasted!!
The phantasmal warrior hits you!!
* * * LOW HITPOINT WARNING * * *
Unknown command.
You feel much better. The phantasmal warrior hits you!!
* * * LOW HITPOINT WARNING * * *
The phantasmal warrior hits you!
* * * LOW HITPOINT WARNING * * *
Okay, then.
Okay, then.
Okay, then.
You feel much better.
The phantasmal warrior hits you but does no damage.
You feel much better. The phantasmal warrior hits you!
A two-headed ogre comes into view.
It is wielding a +0 giant spiked club and a +0 giant club.
The phantasmal warrior hits you!
Your two-headed ogre goes berserk!
The phantasmal warrior hits you!!
You die...

##### (..#
###..+ # #....#
.#####
#....#####......
#...@#.....##.#
#...OW.P⌠P....
######.)....#
.@.........##
#####...))##
#..O.<# #.....#
#####..###
#......#


You could see a two-headed ogre, a phantasmal warrior and a friendly two-headed
ogre (summoned, berserk).

Vanquished Creatures
  2 hydras
  A two-headed ogre (D:12)
  An unseen horror (D:10)
  A wizard (D:11)
  A necromancer (D:12)
  2 orc knights (Bailey)
  An ugly thing (D:11)
  Psyche (D:9)
  Maurice (D:12)
  A kobold demonologist (D:11)
  2 trolls
  A hornet (D:7)
  3 hippogriffs
  A steam dragon (D:8)
  A vampire (D:11)
  A basilisk (D:12)
  An acid dragon (D:11)
  6 ice beasts
  2 sky beasts
  11 orc warriors
  5 phantoms
  An eye of draining (D:11)
  An ogre (D:11)
  A centaur (D:11)
  A crocodile (D:11)
  A big kobold (D:11)
  2 bullfrogs
  A gnoll sergeant (D:8)
  A scorpion (D:6)
  2 wyvern skeletons
  3 killer bees (D:11)
  6 wights
  2 howler monkeys
  A centaur zombie (D:10)
  7 hounds
  3 bullfrog zombies
  9 orc priests
  A gnoll shaman (D:9)
  A centaur skeleton (D:8)
  4 jellies
  19 orc wizards
  An iguana (D:8)
  A yak simulacrum (D:12)
  8 worker ants
  A polar bear simulacrum (D:12)
  2 hound skeletons
  A howler monkey zombie (D:6)
  2 worker ant zombies
  Robin (D:3)
  7 gnolls
  14 adders
  A shadow imp (D:6)
  2 white imps
  An ufetubus (D:9)
  An ooze (D:5)
  2 adder skeletons
  2 worms
  3 dart slugs
  6 leopard geckos
  50 orcs
  8 giant cockroaches
  16 goblins
  11 hobgoblins
  8 jackals
  13 kobolds
  2 quokkas
  4 ball pythons
  9 bats
  4 frilled lizards
  2 leopard gecko skeletons
  9 rats
305 creatures vanquished.

Vanquished Creatures (collateral kills)
  Rupert (D:12)
1 creature vanquished.

Vanquished Creatures (others)
  An orc wizard (D:5)
  A giant cockroach (D:4)
2 creatures vanquished.

Grand Total: 308 creatures vanquished

Notes
Turn   | Place    | Note
-------+----------+-------------------------------------------
     0 | D:1      | KristoblXynda the Vampire Berserker began the quest for the
                  | Orb.
     0 | D:1      | Reached XP level 1. HP: 17/17 MP: 1/1
   108 | D:1      | Reached XP level 2. HP: 23/23 MP: 2/2
   375 | D:1      | Reached ** piety under Trog
   382 | D:1      | Reached XP level 3. HP: 29/29 MP: 3/3
  1746 | D:3      | Noticed Robin
  1754 | D:3      | Reached XP level 4. HP: 33/35 MP: 4/4
  1762 | D:3      | Killed Robin
  1792 | D:3      | Reached *** piety under Trog
  2192 | D:3      | Reached XP level 5. HP: 41/41 MP: 5/5
  2489 | D:4      | Found a white marble altar of Elyvilon.
  2489 | D:4      | Found Hirphe's Antique Weapon Boutique.
  2489 | D:4      | Found a shadowy altar of Dithmenos.
  2509 | D:4      | Bought a scimitar for 104 gold pieces
  2906 | D:4      | Reached XP level 6. HP: 48/48 MP: 6/6
  2913 | D:4      | Reached **** piety under Trog
  3129 | D:4      | Found Apuecott's Book Emporium.
  3163 | D:4      | Found Pas Zoir's General Store.
  3169 | D:4      | Bought a scroll of enchant weapon for 75 gold pieces
  3196 | D:4      | Found a staircase to the Ecumenical Temple.
  3621 | Temple   | Entered the Ecumenical Temple
  4076 | D:5      | Entered Level 5 of the Dungeon
  4258 | D:5      | Reached XP level 7. HP: 51/54 MP: 7/7
  4543 | D:5      | Reached skill level 5 in Long Blades
  4969 | D:6      | Reached skill level 5 in Dodging
  5581 | D:7      | Reached skill level 5 in Fighting
  5581 | D:7      | Reached XP level 8. HP: 62/62 MP: 8/8
  5744 | D:7      | Noticed a hippogriff
  5756 | D:7      | Killed a hippogriff
  5756 | D:7      | Reached skill level 1 in Evocations
  5784 | D:7      | Found a sparkling altar of Nemelex Xobeh.
  5853 | D:7      | Found a sacrificial altar of Ru.
  5856 | D:7      | Found a blossoming altar of Fedhas.
  5859 | D:7      | Found an opulent altar of Gozag.
  5907 | D:7      | Noticed a hornet
  5913 | D:7      | Killed a hornet
  6498 | D:8      | Found Meraudugru's Armour Emporium.
  6558 | D:8      | Reached skill level 5 in Armour
  6605 | D:8      | Found a staircase to the Lair.
  7035 | D:8      | Noticed a five-headed hydra
  7051 | D:8      | Killed a five-headed hydra
  7051 | D:8      | Reached XP level 9. HP: 31/68 MP: 9/9
  7545 | D:8      | Found a shimmering altar of Xom.
  7548 | D:8      | Found a shimmering altar of Xom.
  7548 | D:8      | Found a shimmering altar of Xom.
  7549 | D:8      | Found a shimmering altar of Xom.
  7549 | D:8      | Found a shimmering altar of Xom.
  7549 | D:8      | Found a shimmering altar of Xom.
  7628 | D:8      | Noticed an orb spider
  7628 | D:8      | Noticed a rime drake
  7757 | D:9      | Noticed Psyche
  7767 | D:9      | Killed Psyche
  8141 | D:9      | Got a steaming robe
  8153 | D:9      | Identified the +1 robe of Vlad {rN+} (You found it on level
                  | 9 of the Dungeon)
  8220 | D:9      | Found a staircase to the Orcish Mines.
  8508 | D:9      | Found a shimmering blue altar of Sif Muna.
  8510 | D:9      | Reached XP level 10. HP: 74/74 MP: 10/10
  8515 | D:9      | Found an ancient bone altar of Kikubaaqudgha.
  8524 | D:9      | Found a radiant altar of Vehumet.
  8538 | D:9      | Identified Vehumet's Guide on Combat Magic
  8687 | D:10     | Entered Level 10 of the Dungeon
  8711 | D:10     | Reached skill level 5 in Evocations
  8714 | D:10     | Noticed an unseen horror
  8737 | D:10     | Killed an unseen horror
  8739 | D:10     | Reached ***** piety under Trog
  9319 | D:11     | Found Feoshrum's Gadget Boutique.
  9366 | D:11     | Found a portal to a secret trove of treasure.
  9526 | D:11     | Noticed a wizard
  9530 | D:11     | Reached skill level 1 in Stealth
  9646 | D:11     | Paralysed by a wizard for 6 turns
  9660 | D:11     | Killed a wizard
 10146 | D:11     | Noticed a purple ugly thing
 10153 | D:11     | Killed a purple ugly thing
 10153 | D:11     | Reached XP level 11. HP: 79/79 MP: 11/11
 10276 | D:11     | Reached skill level 5 in Stealth
 10428 | D:11     | Noticed an eight-headed hydra
 10433 | D:11     | Killed an eight-headed hydra
 10536 | D:11     | Received a gift from Trog
 10745 | D:12     | Found a flagged portal.
 10756 | D:12     | Noticed Rupert
 10764 | D:12     | Paralysed by Rupert for 3 turns
 10768 | Bailey   | Entered a bailey
 10826 | Bailey   | Noticed an orc knight
 10917 | Bailey   | Noticed an orc knight
 11023 | Bailey   | Reached skill level 10 in Dodging
 11029 | Bailey   | Killed an orc knight
 11099 | Bailey   | Killed an orc knight
 11181 | Bailey   | Got a polished crystal plate armour
 11184 | Bailey   | Got a warped helmet
 11196 | Bailey   | Identified the +0 helmet of the Jackalope {rN+ Str-4 Int+2
                  | Dex+3} (You found it in a bailey)
 11233 | Bailey   | Identified the +13 crystal plate armour "Karozo" {rF+ rN+}
                  | (You found it in a bailey)
 11292 | D:12     | Killed Rupert
 11443 | D:12     | Noticed a two-headed ogre
 11447 | D:12     | Noticed a necromancer
 11453 | D:12     | Killed a two-headed ogre
 11453 | D:12     | Reached skill level 10 in Long Blades
 11464 | D:12     | Killed a necromancer
 11466 | D:12     | Noticed Maurice
 11473 | D:12     | Killed Maurice
 11473 | D:12     | Noticed a phantasmal warrior
 11477 | D:12     | HP: 2/81 [phantasmal warrior[a death knight] (14)]
 11479 | D:12     | Noticed a two-headed ogre
 11480 | D:12     | Slain by a phantasmal warrior

Illustrated notes

Levels and vault maps discovered:
D:1:      wander_arrival_desolate, layout_rooms
D:2:      layout_basic
D:3:      layout_basic, uniq_robin
D:4:      minmay_recursive_quarters, layout_loops_ring, grunt_dithmenos_smoke,
          elyvilon_altar_4, temple_green, serial_shops, shop, shop, shop,
          hangedman_decor_push
D:5:      layout_loops_ring, minmay_manual_moon
D:6:      layout_loops_ring
D:7:      layout_loops_corners, minitemple, serial_glass, glass_columns_a,
          glass_columns_c, chequers_arboretum
D:8:      layout_loops_cross, xom_shifter_show, dpeg_oklobed_lair, serial_shops,
          shop
D:9:      layout_small_grid, palyth_temple_overflow_mages, orc_0_dummy,
          st_stairs_10, uniq_psyche
D:10:     layout_rooms, kennysheep_donut, st_stairs_11
D:11:     layout_gridville, nicolae_trove_entry_crystal, serial_shops, shop,
          minmay_mirror_moons_of_madness
D:12:     layout_rooms, enter_bailey_3, portal_ice_cave_entry_pillars_1,
          eino_house_with_fridge, uniq_maurice, uniq_fannar, uniq_rupert
Temple:   minmay_temple_forest_path

Skill      XL: |  1  2  3  4  5  6  7  8  9 10 11 |
---------------+----------------------------------+-----
Fighting       | 3 4 5 |  5.9
Armour         | 2 3 4 5 6 7 8 |  8.3
Dodging        | 3 4 5 7 8 9 10 | 10.7
Long Blades    | 4 5 7 9 10 | 10.2
Evocations     | 3 4 5 |  5.7
Stealth        | 4 6 |  6.5

Action                   |  1- 3 |  4- 6 |  7- 9 | 10-12 || total
-------------------------+-------+-------+-------+-------++-------
Melee: Falchion          |   135 |    61 |       |       ||   196
       Bite              |    14 |    14 |    45 |    56 ||   129
       Scimitar          |       |   103 |   302 |   325 ||   730
       Great sword       |       |       |       |    11 ||    11
Invok: Berserk           |     1 |     1 |     5 |     7 ||    14
       Brothers in Arms  |       |       |     1 |     3 ||     4
       Trog's Hand       |       |       |       |     1 ||     1
Evoke: Wand              |       |       |     4 |     9 ||    13
  Use: Scroll            |       |    10 |     6 |    10 ||    26
       Potion            |       |       |       |     7 ||     7
Armor: Animal skin       |     4 |       |       |       ||     4
       Ring mail         |    39 |    69 |   120 |    78 ||   306
       Chain mail        |       |       |       |   138 ||   138
Dodge: Dodged            |    87 |   136 |   224 |   351 ||   798
       Rpst.: Falchion   |    31 |    15 |       |       ||    46
       Scimitar          |       |    27 |    56 |    73 ||   156
       Great sword       |       |       |       |     3 ||     3

Table legend: (Time is in decaauts)
 A = Elapsed time spent in this place.
 B = Non-inter-level travel time spent in this place.
 C = Inter-level travel time spent in this place.
 D = Time resting spent in this place.
 E = Time spent auto-exploring this place.
 F = Levels seen in this place.
 G = Mean time per level.
                   A        B        C        D        E       F      G
               +--------+--------+--------+--------+--------+-----+--------+
         Total |  11643 |  11001 |    642 |   1503 |   6665 |  14 |  831.6 |
       Dungeon |  10755 |  10147 |    608 |   1349 |   6346 |  12 |  896.2 |
        Temple |    354 |    320 |     34 |      0 |    319 |   1 |  354.0 |
        Bailey |    533 |    533 |      0 |    154 |      0 |   1 |  533.0 |
               +--------+--------+--------+--------+--------+-----+--------+

Top non-repeatable levels by time:
    D:11: 1420 daAuts
     D:4: 1247 daAuts
     D:8: 1177 daAuts
     D:2: 1160 daAuts
     D:9: 1032 daAuts
     D:7: 987 daAuts
     D:5: 801 daAuts
     D:3: 798 daAuts
     D:6: 675 daAuts
    D:10: 635 daAuts
     D:1: 573 daAuts
  Bailey: 533 daAuts
  Temple: 354 daAuts
    D:12: 244 daAuts
